AoeStats
← Dirty F150

African Clearing

510820638Analyzed
2v2 RM · 1d ago on Oct 2, 2026· 67m 37s· 4 players
Game mode
Random Map
Map size
Medium (4 player)
Population
200
Speed
Normal
Resources
Standard
Victory
Conquest
Starting age
Dark Age
Ending age
Imperial Age
RankedLock teamsTeams togetherTeam positionsShared explorationLock speedFull tech treeHidden civsTurbo modeCheats
Victory
Defeat
🇩🇪 Saxons · Germany
1031
+16
🇺🇸 Danes · United States
1029
+16
🇹🇷 Bengalis · Türkiye
1052
-17
🇹🇷 Bulgarians · Türkiye
1008
-15
Dirty F150
13:32 Feudal Age
12:22 Loom
14:07 Double-Bit Axe
18:47 Castle Age
20:28 Bow Saw
23:38 Town Watch
26:22 Arson
27:30 Scale Mail Armor
30:23 Forging
30:29 Chain Mail Armor
31:04 Squires
32:27 Wheelbarrow
32:05 Fervor
36:37 Imperial Age
34:04 Fletching
33:52 Hamask
35:37 Iron Casting
35:05 Horse Collar
35:25 Bodkin Arrow
35:54 Heavy Plow
38:30 Conscription
40:45 Siege Engineers
43:35 Plate Mail Armor
47:32 Elite Jomsviking
47:41 Northmen's Fury
50:04 Blast Furnace
49:05 Bracer
49:30 Ballistics
49:22 Masonry
52:41 Gambesons
53:58 Hand Cart
55:09 Murder Holes
56:15 Chemistry
56:41 Hoardings
56:25 Town Patrol
60:21 Padded Archer Armor
60:26 Scale Barding Armor
63:28 Chain Barding Armor
63:24 Leather Archer Armor
Yeet
4:06 Loom
13:16 Feudal Age
14:45 Fletching
14:56 Double-Bit Axe
17:32 Horse Collar
22:32 Castle Age
21:07 Wheelbarrow
22:45 Crossbowman
23:31 Thumb Ring
25:09 Scale Mail Armor
25:38 Bow Saw
26:30 Pikeman
32:09 Ballistics
34:00 Bodkin Arrow
34:18 Squires
35:40 Hand Cart
39:29 Imperial Age
38:11 Heavy Plow
39:31 Capped Ram
39:37 Arbalester
40:19 Padded Archer Armor
41:46 Halberdier
43:27 Conscription
44:16 Bracer
44:31 Leather Archer Armor
44:32 Chain Mail Armor
44:27 Forging
46:04 Elite Skirmisher
48:52 Two-Man Saw
49:07 Ring Archer Armor
49:13 Iron Casting
49:08 Plate Mail Armor
48:40 Onager
53:00 Guard Tower
54:10 Chemistry
53:16 Siege Engineers
53:22 Masonry
58:04 Hoardings
58:06 Keep
57:17 Arrowslits
58:03 Gold Mining
58:03 Stone Mining
NELMAN
5:41 Loom
12:10 Feudal Age
15:50 Scale Barding Armor
15:57 Forging
19:27 Bloodlines
22:46 Castle Age
23:31 Husbandry
25:12 Iron Casting
24:58 Chain Barding Armor
24:38 Double-Bit Axe
24:36 Horse Collar
25:55 Wheelbarrow
31:20 Hand Cart
32:47 Fletching
32:58 Padded Archer Armor
36:19 Bow Saw
36:37 Leather Archer Armor
35:44 Elite Skirmisher
36:43 Bodkin Arrow
37:13 Heavy Plow
37:58 Ballistics
38:11 Murder Holes
42:02 Imperial Age
39:14 Light Cavalry
41:04 Masonry
43:04 Conscription
44:20 Blast Furnace
43:51 Ring Archer Armor
43:22 Bracer
44:29 Chemistry
47:06 Plate Barding Armor
52:54 Scale Mail Armor
53:35 Chain Mail Armor
53:36 Arson
53:54 Squires
53:40 Gambesons
53:15 Man-at-Arms
55:32 Long Swordsman
56:25 Two-Handed Swordsman
57:33 Champion
ckick123
15:13 Feudal Age
17:06 Horse Collar
17:13 Double-Bit Axe
26:36 Castle Age
26:18 Forging
27:04 Scale Mail Armor
28:36 Wheelbarrow
28:06 Squires
36:22 Stirrups
41:54 Elite Skirmisher
43:59 Thumb Ring
45:53 Ballistics
49:15 Imperial Age
50:02 Padded Archer Armor
49:52 Fletching
50:44 Leather Archer Armor
51:31 Chemistry
53:33 Bodkin Arrow
56:22 Conscription
57:36 Bagains
57:06 Elite Konnik
59:40 Iron Casting
59:52 Scale Barding Armor
61:21 Chain Barding Armor
Connection lost

Rejoining the realm…

Still unreachable

The connection could not be restored.

Session expired

The server has moved on; the page needs a fresh start.